 Dungeon Crawl Stone Soup version 0.22.1-2-g9c5b331 (webtiles) character file.

119 colophon the Sneak (level 5, -23/29 HPs)
             Began as a Kobold Enchanter on Dec 1, 2018.
             Was an Initiate of Okawaru.
             Annihilated by an orc warrior
             ... wielding a +0 halberd
              (29 damage)
             ... on level 3 of the Dungeon.
             The game lasted 00:17:51 (4009 turns).

colophon the Sneak (Kobold Enchanter)               Turns: 4009, Time: 00:17:51

Health: -23/29     AC:  3    Str:  5    XL:     5   Next: 24%
Magic:  0/8        EV: 16    Int: 17    God:    Okawaru [......]
Gold:   195        SH:  0    Dex: 16    Spells: 2/8 levels left

rFire    x . .     SeeInvis .   a - +1 dagger
rCold    + . .     Gourm    .   (shield restricted)
rNeg     . . .     Faith    .   b - +0 robe
rPois    .         Spirit   .   x - +1 hat
rElec    .         Reflect  .   (no cloak)
rCorr    .         Harm     .   (no gloves)
MR       +....                  (no boots)
Stlth    +++.......             (no amulet)
HPRegen  0.09/turn              f - ring of protection from magic
MPRegen  0.11/turn              t - ring of ice

@: very slightly contaminated
A: small, carnivore
a: Renounce Religion


You were on level 3 of the Dungeon.
You worshipped Okawaru.
Okawaru was noncommittal.
You were completely stuffed.

You visited 1 branch of the dungeon, and saw 4 of its levels.

You collected 195 gold pieces.

Inventory:

Hand Weapons
 a - a +1 dagger (weapon)
Armour
 b - a +0 robe (worn)
 x - a +1 hat (worn)
Jewellery
 f - a ring of protection from magic (left hand)
 t - a ring of ice (right hand)
Scrolls
 g - a scroll of fog {unknown}
 h - 2 scrolls of magic mapping {unknown}
 i - a scroll of remove curse
 j - 2 scrolls of blinking {unknown}
 k - 2 scrolls of identify {unknown}
 l - 2 scrolls of fear {unknown}
 p - a scroll of amnesia {unknown}
 q - 2 scrolls of teleportation {unknown}
 w - a scroll of enchant weapon {unknown}
Potions
 e - a potion of lignification {unknown}
 m - a potion of agility {unknown}
 n - a potion of heal wounds {unknown}
 o - a potion of magic {unknown}
 r - a potion of ambrosia {unknown}
 s - a potion of haste {unknown}
 u - a potion of resistance {unknown}
 v - a potion of cancellation {unknown}
Comestibles
 d - 6 rations
 z - a chunk of flesh


   Skills:
 - Level 1.1 Fighting
 + Level 3.0 Short Blades
 + Level 3.3 Dodging
 + Level 5.0 Stealth
 - Level 2.1 Spellcasting
 + Level 3.6 Hexes
 + Level 1.2 Ice Magic


You had 2 spell levels left.
You knew the following spells:

 Your Spells              Type           Power        Failure   Level  Hunger
a - Corona                Hex            ##.....      4%          1    #......
b - Ensorcelled Hibernat  Hex/Ice        ###...       11%         2    ###....
c - Confuse               Hex            ##......     13%         3    ###....

Your spell library contained the following spells:

 Spells                   Type           Power        Failure   Level  Hunger
 Tukima's Dance           Hex            ##......     13%         3    ###....
 Dazzling Spray           Conj/Hex       #.....       26%         3    ###....


Dungeon Overview and Level Annotations

Branches:
Dungeon (4/15)
 Temple: D:4-7

Altars:
Hepliaklqana
Okawaru
Yredelemnul

Annotations:
D:4 Robin


Innate Abilities, Weirdness & Mutations

You are small and have problems with some larger weapons.
You are carnivorous and can eat meat at any time.


Message History

Press: ? - help, Shift-Dir - straight line, f/p - orc
Aim: an orc, wearing a ring mail (chance to defeat MR: 63%)
You feel a surge of power!
The orc resists with significant effort.
The orc hits you.
* * * LOW HITPOINT WARNING * * *
The orc warrior misses you.
Casting: Ensorcelled Hibernation (safe; 11% risk of failure)
Confirm with . or Enter, or press ? or * to list all spells.
Aiming: Ensorcelled Hibernation (safe; 11% risk of failure)
Press: ? - help, Shift-Dir - straight line, f/p - orc
Aim: an orc, wearing a ring mail (chance to defeat MR: 63%)
You feel a surge of power!
The orc resists with significant effort.
The orc closely misses you.
You hit the orc.
The orc is heavily wounded.
The orc warrior hits you with a halberd!!
Ouch! That really hurt!
You die...

#.........#.........####...#####
###.......'.........'...........
###...####.........####...#####
#.....# ##.......## ##.##
#.##..# ##.....## ###.#
#.##..#######...## #...#
#...........##'## #.###
####.######.##o# #.# #.# #.##@#
#)# #.# ####.##o#### #.# #.#
#......g...## #.# #.#
#.##........###.#
#.###.##.#.......##.#
#........##.........#
###########......#### #.#...##
#.##.##


You could see an orc warrior, an orc and a hobgoblin.

Vanquished Creatures
  4 gnolls
  2 adders
  An ooze (D:2)
  A dart slug (D:2)
  A leopard gecko (D:2)
  2 orcs (D:3)
  7 bats
  3 giant cockroaches
  9 goblins
  5 hobgoblins
  3 frilled lizards
  A jackal skeleton (D:3)
  9 kobolds
  4 rats (D:3)
52 creatures vanquished.

Notes
Turn   | Place    | Note
-------+----------+-------------------------------------------
     0 | D:1      | colophon the Kobold Enchanter began the quest for the Orb.
     0 | D:1      | Reached XP level 1. HP: 10/10 MP: 3/3
   297 | D:1      | Reached XP level 2. HP: 16/16 MP: 5/5
   356 | D:1      | Learned a level 2 spell: Ensorcelled Hibernation
  1002 | D:2      | Reached skill level 1 in Fighting
  1002 | D:2      | Reached XP level 3. HP: 20/20 MP: 6/6
  1518 | D:2      | Found a basalt altar of Yredelemnul.
  2277 | D:2      | Reached XP level 4. HP: 25/25 MP: 4/7
  2282 | D:2      | Learned a level 3 spell: Confuse
  2320 | D:2      | Found an iron altar of Okawaru.
  2328 | D:2      | Became a worshipper of Warmaster Okawaru
  2775 | D:3      | Found a hazy altar of Hepliaklqana.
  3503 | D:3      | Reached skill level 1 in Ice Magic
  3537 | D:3      | Reached XP level 5. HP: 9/29 MP: 2/8
  3835 | D:4      | Noticed Robin
  3836 | D:4      | Noticed an orc warrior
  3950 | D:3      | Reached skill level 5 in Stealth
  4009 | D:3      | Annihilated by an orc warrior

Skill      XL: |  1  2  3  4  5 |
---------------+----------------+-----
Short Blades   | 2 3 |  3.0
Fighting       | 1 |  1.1
Dodging        | 3 |  3.3
Ice Magic      | 1 |  1.2
Stealth        | 5 |  5.0
Spellcasting   | |  2.1
Hexes          | |  3.6

Action                   |  1- 3 |  4- 6 || total
-------------------------+-------+-------++-------
Melee: Dagger            |    89 |    44 ||   133
 Cast: Corona            |     5 |       ||     5
       Ensorcelled Hiber |    22 |    21 ||    43
       Confuse           |       |     2 ||     2
  Use: Scroll            |       |     1 ||     1
       Potion            |       |     1 ||     1
 Stab: Sleeping          |    19 |    16 ||    35
  Eat: Chunk             |    14 |     7 ||    21
Armor: Robe              |    19 |     9 ||    28
Dodge: Dodged            |    79 |    57 ||   136
